 Dungeon Crawl Stone Soup version 0.20-a0-1122-gb7cbeb9 (webtiles) character file.

8614 lauthentik the Covert (level 11, -5/78 HPs)
             Began as a Vampire Enchanter on May 11, 2017.
             Was an Elder of Sif Muna.
             Slain by a death yak (27 damage)
             ... on level 11 of the Dungeon on May 12, 2017.
             The game lasted 00:31:29 (8242 turns).

lauthentik the Covert (Vampire Enchanter)           Turns: 8242, Time: 00:31:30

Health: -5/78      AC: 10    Str:  7    XL:     11   Next: 12%
Magic:  4/24       EV: 20    Int: 22    God:    Sif Muna [****..]
Gold:   538        SH:  0    Dex: 14    Spells: 23/29 levels left

rFire    x . .     SeeInvis +   q - +3 short sword (protect)
rCold    + + +     Gourm    .   (no shield)
rNeg     + + +     Faith    .   J - +1 robe {MR+}
rPois    ∞         Spirit   .   E - +2 hat
rElec    .         Reflect  .   i - +2 cloak
rCorr    .         Harm     +   Q - +0 pair of gloves
MR       ++...                  y - +0 pair of boots
Stlth    +++++++...             N - amulet of harm
Regen    0.0/turn               f - +4 ring of evasion
MPRegen  0.2/turn               t - ring of ice

@: bloodless, non-regenerating
A: fangs 3, see invisible, unbreathing
a: Bat Form, Divine Energy, Channel Magic, Forget Spell, Renounce Religion


You were on level 11 of the Dungeon.
You worshipped Sif Muna.
Sif Muna was greatly pleased with you.
You were bloodless.

You visited 1 branch of the dungeon, and saw 11 of its levels.

You collected 746 gold pieces.
You spent 208 gold pieces at shops.

Inventory:

Hand Weapons
 a - a +1 dagger
 q - a +3 short sword of protection (weapon)
Missiles
 j - 8 javelins (quivered)
Armour
 i - a +2 cloak (worn)
 y - a +0 pair of boots (worn)
 E - a +2 hat (worn)
 J - a +1 robe of magic resistance (worn)
 Q - a +0 pair of gloves (worn)
Magical Staves
 V - an uncursed staff of fire {unknown}
Jewellery
 f - a +4 ring of evasion (left hand)
 l - a +3 ring of strength
 t - a ring of ice (right hand)
 N - an amulet of harm (around neck)
 O - an uncursed ring of fire
 R - an uncursed ring of teleportation
Wands
 o - a wand of lightning (9/15)
 D - a wand of scattershot (2/9)
 G - a wand of disintegration (16/24)
 K - a wand of enslavement (16/24)
 T - a wand of digging (7/24)
 U - a wand of lightning (2/15)
Scrolls
 b - a scroll of blinking {unknown}
 e - a scroll of noise {unknown}
 h - 6 scrolls of identify
 k - 2 scrolls of magic mapping
 n - 2 scrolls of immolation {unknown}
 w - 4 scrolls of teleportation
 z - 2 scrolls of fog {unknown}
 C - a scroll of enchant weapon {unknown}
 H - a scroll of holy word {unknown}
 P - a scroll of amnesia {unknown}
 W - 2 scrolls of remove curse
Potions
 d - 49 potions of blood
 g - 3 potions of flight
 m - 4 potions of haste {unknown}
 p - a potion of degeneration {unknown}
 r - 2 potions of ambrosia {unknown}
 s - 2 potions of mutation {unknown}
 u - 2 potions of magic {unknown}
 v - a potion of cancellation {unknown}
 x - 7 potions of curing
 B - a potion of might {unknown}
 F - a potion of agility {unknown}
 I - a potion of invisibility {unknown}
 L - a potion of heal wounds
 M - a potion of brilliance {unknown}
Books
 c - a book of Maledictions

   Spells                             Type                      Level
   a - Corona                         Hexes                        1
   b - Ensorcelled Hibernation        Hexes/Ice                    2
   c - Confuse                        Hexes                        3
   d - Tukima's Dance                 Hexes                        3
   e - Dazzling Spray                 Conjuration/Hexes            3
Miscellaneous
 A - a sack of spiders
 S - a phial of floods


   Skills:
 + Level 4.4 Fighting
 - Level 5.0 Short Blades
 + Level 0.1 Throwing
 + Level 7.1 Dodging
 - Level 12.0 Stealth
 + Level 9.8 Spellcasting
 + Level 11.0 Hexes
 - Level 1.0 Ice Magic


You had 23 spell levels left.
You knew the following spells:

 Your Spells              Type           Power        Failure   Level  Hunger
a - Ensorcelled Hibernat  Hex/Ice        ######       1%          2    None
b - Corona                Hex            ######.      1%          1    None
c - Confuse               Hex            ######..     1%          3    None


Dungeon Overview and Level Annotations

Branches:
Dungeon (11/15)            Temple (0/1) D:5
   Lair: D:8-11         Orc: D:9-12

Altars:
Ashenzari
Gozag
Kikubaaqudgha
Okawaru
Ru
Sif Muna
Vehumet
Wu Jian

Shops:
D:4 ?*   D:6 !


Innate Abilities, Weirdness & Mutations

You do not heal naturally.
You are immune to poison.
You have razor-sharp teeth.
You have supernaturally acute eyesight. (SInv)
You can survive without breathing.


Message History

The death yak misses you.
Casting: Confuse
Confirm with . or Enter, or press ? or * to list all spells.
Aiming: Confuse
Press: ? - help, Shift-Dir - straight line, f/p - death yak
Aim: a death yak (chance to defeat MR: 13%)
The death yak resists with almost no effort.
The death yak gores you!!
* * * LOW HITPOINT WARNING * * *
A big kobold comes into view.
Casting: Confuse
Confirm with . or Enter, or press ? or * to list all spells.
Aiming: Ensorcelled Hibernation
Press: ? - help, Shift-Dir - straight line, f/p - death yak
Aim: a death yak (chance to defeat MR: 11%)
You feel a surge of power!
The death yak resists with almost no effort.
The big kobold shouts!
The death yak gores you!!
You die...

#).# #..... #..
#).# #.#### K.
#..# #..# #.# ...
#..# #..# #.#
...###..# #..# #.#
...K....# #..# #.#
.....W..# #..# #.#
.......Y#######..#
#.#
.......YYY@......#
#.#
......KY#######..#
#.# ........# #..#
#.# ........# #..#
#.# ........#
#..#####.#
Y#......#
#........####
........#
#............
.#......#
#..####......
#....$?# #..#
#..####


You could see 3 death yaks, 2 yaks, a hungry ghost (confused), a big kobold and
a kobold.

Vanquished Creatures
  A two-headed ogre (D:10)
  Maurice (D:10)
  A komodo dragon (D:8)
  A hornet (D:11)
  A hippogriff (D:9)
  A vampire (D:10)
  13 yaks
  A hungry ghost (D:8)
  Grum (D:10)
  Edmund (D:6)
  A water moccasin (D:10)
  Duvessa (D:5)
  2 orc warriors
  5 sky beasts
  2 black bears
  An ice beast (D:6)
  5 ogres
  A phantom (D:4)
  4 wolves (D:10)
  4 centaurs
  3 big kobolds
  7 bullfrogs
  Dowan (D:5)
  A scorpion (D:7)
  A killer bee (D:9)
  5 wights (D:6)
  4 howler monkeys
  2 vampire bats (D:7)
  5 crimson imps
  A quasit (D:5)
  3 orc priests
  5 orc wizards
  7 hounds
  2 iguanas
  5 worker ants
  A killer bee zombie (D:7)
  A howler monkey zombie (D:8)
  2 hound skeletons
  A gnoll (D:5)
  13 adders
  2 shadow imps
  An ooze (D:3)
  An adder zombie (D:6)
  A worm (D:2)
  A dart slug (D:1)
  3 leopard geckos
  22 orcs
  4 bats
  4 bat skeletons (D:7)
  3 bat zombies (D:7)
  9 giant cockroaches
  8 goblins
  10 hobgoblins
  10 jackals
  5 quokkas
  3 ball pythons
  8 frilled lizards
  26 kobolds
  A quokka skeleton (D:4)
  9 rats
249 creatures vanquished.

Notes
Turn   | Place    | Note
-------+----------+-------------------------------------------
     0 | D:1      | lauthentik the Vampire Enchanter began the quest for the Orb.
     0 | D:1      | Reached XP level 1. HP: 13/13 MP: 3/3
   298 | D:1      | Reached XP level 2. HP: 19/19 MP: 5/5
   304 | D:1      | Learned a level 2 spell: Ensorcelled Hibernation
  1077 | D:1      | Reached skill level 5 in Stealth
  1275 | D:2      | Reached XP level 3. HP: 24/24 MP: 1/6
  1499 | D:2      | Learned a level 3 spell: Confuse
  1831 | D:3      | Reached XP level 4. HP: 31/31 MP: 3/7
  2091 | D:3      | Reached skill level 6 in Stealth
  2438 | D:4      | Found Nablyqo's Magic Scroll Shoppe.
  2450 | D:4      | Reached skill level 5 in Hexes
  2450 | D:4      | Reached skill level 1 in Ice Magic
  2450 | D:4      | Reached XP level 5. HP: 32/36 MP: 3/8
  2456 | D:4      | Bought a scroll of identify for 26 gold pieces
  2743 | D:4      | Reached skill level 7 in Stealth
  2748 | D:4      | Found a deep blue altar of Sif Muna.
  2770 | D:4      | Noticed an ogre
  2777 | D:4      | Killed an ogre
  2777 | D:4      | Reached skill level 1 in Fighting
  2777 | D:4      | Reached XP level 6. HP: 38/43 MP: 6/9
  2915 | D:4      | Became a worshipper of Sif Muna the Loreminder
  3036 | D:4      | Found Olosaun's Assorted Antiques.
  3177 | D:4      | Reached skill level 8 in Stealth
  3275 | D:5      | Entered Level 5 of the Dungeon
  3303 | D:5      | Reached XP level 7. HP: 48/48 MP: 11/11
  3389 | D:5      | Reached skill level 9 in Stealth
  3408 | D:5      | Found a staircase to the Ecumenical Temple.
  3587 | D:5      | Reached * piety under Sif Muna
  3691 | D:5      | Noticed Duvessa
  3694 | D:5      | Noticed Dowan
  3696 | D:5      | Killed Duvessa
  3696 | D:5      | Reached skill level 10 in Stealth
  3696 | D:5      | Reached XP level 8. HP: 54/54 MP: 10/13
  3700 | D:5      | Killed Dowan
  3927 | D:6      | Reached skill level 11 in Stealth
  4161 | D:6      | Noticed Edmund
  4166 | D:6      | Killed Edmund
  4205 | D:6      | Reached skill level 5 in Short Blades
  4205 | D:6      | Reached skill level 12 in Stealth
  4308 | D:6      | Reached skill level 5 in Spellcasting
  4308 | D:6      | Reached XP level 9. HP: 61/61 MP: 9/16
  4581 | D:6      | Found Waxivaen's Distillery.
  4590 | D:6      | Bought a potion of flight for 39 gold pieces
  4590 | D:6      | Bought a potion of heal wounds for 65 gold pieces
  4590 | D:6      | Bought 2 potions of curing for 78 gold pieces
  4749 | D:7      | Reached ** piety under Sif Muna
  4767 | D:7      | Found a sacrificial altar of Ru.
  5231 | D:7      | Found an ancient bone altar of Kikubaaqudgha.
  5577 | D:8      | Noticed a komodo dragon
  5580 | D:8      | Killed a komodo dragon
  5580 | D:8      | Reached skill level 5 in Dodging
  6154 | D:8      | Reached *** piety under Sif Muna
  6490 | D:9      | Reached XP level 10. HP: 70/70 MP: 21/21
  6656 | D:9      | Found an opulent altar of Gozag.
  6663 | D:9      | Found an ornate altar of the Wu Jian Council.
  7048 | D:9      | Found an iron altar of Okawaru.
  7051 | D:9      | Found a shattered altar of Ashenzari.
  7054 | D:9      | Found a radiant altar of Vehumet.
  7101 | D:10     | Entered Level 10 of the Dungeon
  7112 | D:10     | Noticed a two-headed ogre
  7131 | D:10     | Killed a two-headed ogre
  7131 | D:10     | Reached **** piety under Sif Muna
  7288 | D:10     | Reached skill level 10 in Hexes
  7508 | D:10     | Noticed Maurice
  7515 | D:10     | Killed Maurice
  7675 | D:10     | Noticed Grum
  7688 | D:10     | Killed Grum
  7719 | D:10     | Reached XP level 11. HP: 59/77 MP: 13/24
  8229 | D:11     | Noticed a death yak
  8231 | D:11     | Noticed a death yak
  8233 | D:11     | Noticed a death yak
  8242 | D:11     | Slain by a death yak

Vault maps used:
D:1:      ncdulo_wetmaze, st_stairs_6
D:2:      first_bread, grunt_decor_arrowhead, small_statue_intersection
D:3:      grunt_decor_clamped
D:4:      tgw_sif, serial_shops, shop, nicolae_shop_statue_plus
D:5:      minmay_temple_entry_mist, cheibrodos_gnoll_hut, uniq_duvessa
D:6:      serial_shops, kennysheep_little_box, uniq_edmund
D:7:      kennysheep_vampire_church, nicolae_ru_great_annihilating_truth
D:9:      amethyst_overflow_temple_binary, grunt_temple_overflow_diamond
D:10:     uniq_grum, uniq_maurice
D:11:     dpeg_lair_monsters, uniq_erica

Skill      XL: |  1  2  3  4  5  6  7  8  9 10 11 |
---------------+----------------------------------+-----
Stealth        | 5 6 7 8 10 12 | 12.0
Short Blades   | 2 3 5 |  5.0
Hexes          | 5 6 7 8 10 11 | 11.0
Ice Magic      | 1 |  1.0
Fighting       | 1 2 3 4 |  4.4
Dodging        | 3 4 5 6 7 |  7.1
Spellcasting   | 3 5 7 9 |  9.8
Throwing       | |  0.1

Action                   |  1- 3 |  4- 6 |  7- 9 | 10-12 || total
-------------------------+-------+-------+-------+-------++-------
Melee: Dagger            |    33 |       |       |       ||    33
       Bite              |     5 |     9 |    17 |    11 ||    42
       Short sword       |    61 |   110 |   240 |   146 ||   557
Throw: Javelin           |     2 |       |       |       ||     2
 Cast: Corona            |     2 |       |       |       ||     2
       Ensorcelled Hiber |    22 |    23 |    63 |    42 ||   150
       Confuse           |       |     2 |    10 |    11 ||    23
  Use: Scroll            |       |     1 |     6 |     2 ||     9
       Potion            |       |       |     1 |       ||     1
 Stab: Sleeping          |    27 |    16 |    74 |    43 ||   160
       Confused          |       |     2 |     3 |     1 ||     6
       Distracted        |       |       |     1 |     2 ||     3
       Paralysed         |       |       |     1 |       ||     1
  Eat: Corpse            |       |     2 |       |       ||     2
Armor: Robe              |     8 |    39 |    45 |    29 ||   121
Dodge: Dodged            |    61 |   117 |   156 |   103 ||   437
